 Dungeon Crawl Stone Soup version 0.30.1-11-g7821555f0a (webtiles) character file.

Game seed: 8775557209409280349

53 KittyFluff the Trooper (level 3, -2/36 HPs)
             Began as a Gargoyle Berserker on Oct 29, 2023.
             Was a Believer of Trog.
             Slain by Ijyb
             ... wielding a +0 club
              (5 damage)
             ... on level 3 of the Dungeon.
             The game lasted 00:05:10 (1425 turns).

KittyFluff the Trooper (Gargoyle Berserker)         Turns: 1425, Time: 00:05:11

Health: -2/36      AC:  0    Str: 22    XL:     3   Next: 89%
Magic:  3/3        EV: 14    Int:  7    God:    Trog [**....]
Gold:   91         SH:  0    Dex:  9    Spells: 2/2 levels left

rFire   . . .        a - melded +0 mace
rCold   . . .        (shield currently unavailable)
rNeg    + . .        g - melded +0 leather armour
rPois   ∞            m - melded +0 helmet
rElec   .            (cloak currently unavailable)
rCorr   .            (gloves currently unavailable)
SInv    .            (boots currently unavailable)
Will    .....        (no amulet) Stlth
                     (ring currently unavailable)
HPRegen 0.26/turn    (ring currently unavailable)
MPRegen 0.08/turn

%: no passive effects
@: berserking, pig-form, very quick
A: fast, no casting, sickness immunity, AC +3, small, negative energy resistance
1, (electricity resistance), torment resistance 1, petrification resistance
a: Renounce Religion, Berserk, Trog's Hand


You were on level 3 of the Dungeon.
You worshipped Trog.
Trog was pleased with you.
You were a filthy swine.
You visited 1 branch of the dungeon, and saw 3 of its levels.

You collected 91 gold pieces.

Inventory:

Hand Weapons
 a - a +0 mace (melded)
Missiles
 d - 9 poisoned darts (quivered)
 k - 2 boomerangs
 n - 2 silver javelins
Armour
 g - a +0 leather armour (melded)
 m - a +0 helmet (melded)
Jewellery
 b - a +6 ring of intelligence
Scrolls
 e - a scroll of torment {unknown}
 f - a scroll of summoning {unknown}
 h - 2 scrolls of noise {unknown}
 i - 2 scrolls of teleportation {unknown}
 j - a scroll of blinking {unknown}
Potions
 c - a potion of curing {unknown}
 l - a potion of berserk rage {unknown}
 o - a potion of mutation {unknown}


   Skills:
 + Level 3.6 Fighting
 * Level 3.6 Maces & Flails
 * Level 3.1 Armour
 + Level 1.9 Dodging


You had 2 spell levels left.
You didn't know any spells.
Your spell library was empty.

Dungeon Overview and Level Annotations

Branches:
Dungeon (3/15)

Altars:
Ashenzari

Annotations:
D:3 Ijyb


Innate Abilities, Weirdness & Mutations

You are a filthy swine.
You move quickly.
Your equipment is almost entirely melded.
You are incapable of wielding weapons or throwing items.
You cannot cast spells.
You are immune to sickness and miasma.
((Your stone body is resilient. (AC +3)))
You are immune to poison.
You resist negative energy. (rN+)
((You are resistant to electric shocks. (rElec)))
You are resistant to unholy torment.
You are immune to petrification.


Message History

Ijyb screams, "Die!"
Ijyb barely misses you.
You closely miss Ijyb. Ijyb hits you with a +0 club.
You miss Ijyb. Ijyb misses you.
You closely miss Ijyb. Ijyb hits you but does no damage.
You closely miss Ijyb. Ijyb hits you but does no damage.
You hit Ijyb.
Ijyb is lightly wounded.
Ijyb zaps a wand.
You resist with significant effort. Ijyb completely misses you.
You hit Ijyb.
Ijyb is lightly wounded.
Ijyb zaps a wand.
You turn into a filthy swine.
Your +0 mace melds into your body.
Your +0 helmet melds into your body.
Your +0 leather armour melds into your body.
You barely miss Ijyb.
Ijyb is lightly wounded.
Ijyb barely misses you.
You closely miss Ijyb.
Ijyb is lightly wounded.
Ijyb misses you.
You barely miss Ijyb.
Ijyb is lightly wounded.
Ijyb hits you with a +0 club.
You hit Ijyb.
Ijyb is moderately wounded.
Ijyb misses you.
You hit Ijyb but do no damage.
Ijyb is moderately wounded.
Ijyb hits you with a +0 club.
You hit Ijyb.
Ijyb is heavily wounded.
Ijyb barely misses you.
You hit Ijyb but do no damage.
Ijyb is heavily wounded.
Ijyb hits you with a +0 club!
* * * LOW HITPOINT WARNING * * *
A red film seems to cover your vision as you go berserk!
You feel yourself moving faster!
You feel mighty! Ijyb hits you with a +0 club.
You die...

## ######
###..#.##.#
....#....###
#.......h.#
#..#.##.#g#
###.......#r#
#.........#S#
#......####.#
#.........#..
#.......#.#..
#.........+..
#.........#


You could see Ijyb, an adder and a rat.

Vanquished Creatures
  2 adders (D:2)
  3 dart slugs (D:2)
  A bat (D:2)
  A goblin (D:2)
  3 hobgoblins
  3 jackals (D:2)
  3 kobolds
  2 quokkas
  7 ball pythons
  A frilled lizard (D:2)
  3 rats
29 creatures vanquished.

Notes
Turn   | Place    | Note
-------+----------+-------------------------------------------
     0 | D:1      | KittyFluff the Gargoyle Berserker began the quest for the
                  | Orb.
     0 | D:1      | Reached XP level 1. HP: 14/14 MP: 1/1
   309 | D:1      | Reached XP level 2. HP: 19/19 MP: 2/2
   323 | D:1      | Found a faded altar of an unknown god.
   674 | D:2      | Found a broken altar of Ashenzari.
   784 | D:2      | Reached XP level 3. HP: 23/23 MP: 3/3
   856 | D:2      | Reached ** piety under Trog
  1405 | D:3      | Noticed Ijyb
  1425 | D:3      | Slain by Ijyb

Illustrated notes

Levels and vault maps discovered:
D:1:      lightli_arrival_statue_moat, layout_loops_ring,
          dreamdust_ecumenical_altar_angels_and_demons, serial_bayou_pond_c
D:2:      layout_basic, basic_altar, ebering_dispersal_statue_hall,
          grunt_decor_mini_mirrors, minmay_misc_feat_rugged
D:3:      layout_basic, serial_shops, shop, nicolae_elevator_lobby_plus,
          uniq_crazy_yiuf_cottage, uniq_jessica, uniq_sigmund, uniq_robin,
          uniq_ijyb

Skill      XL: |  1  2  3 |
---------------+----------+-----
Armour         | 3 |  3.1
Fighting       | |  3.6
Maces & Flails | |  3.6
Dodging        | |  1.9

Action                     || total
---------------------------++-------
  Melee: Mace              ||   104
         Punch             ||     1
         Unarmed           ||     7
 Invoke: Berserk           ||     1
 Armour: Animal skin       ||     6
         Leather armour    ||    41
  Dodge: Dodged            ||    67
